 Dungeon Crawl Stone Soup version 0.21.1-1-g345015fe64 (webtiles) character file.

2158 KleinerIrrer the Grappler (level 9, -1/96 HPs)
             Began as a Troll Monk on Apr 4, 2018.
             Slain by a wight
             ... wielding a cursed +0 spear
              (5 damage)
             ... on level 6 of the Dungeon.
             The game lasted 00:01:13 (5246 turns).

KleinerIrrer the Grappler (Troll Monk)              Turns: 5246, Time: 00:01:14

Health: -1/96      AC:  5    Str: 24    XL:     9   Next: 10%
Magic:  8/8        EV:  9    Int:  6    God:
Gold:   343        SH:  0    Dex: 12    Spells: 8/8 levels left

rFire    . . .     SeeInvis .     - Unarmed
rCold    . . .     Gourm    +   (no shield)
rNeg     . . .     Faith    .   a - +0 robe
rPois    .         Spirit   .   (helmet restricted)
rElec    .         Reflect  .   (no cloak)
rCorr    .         Harm     .   (gloves unavailable)
MR       .....                  (boots unavailable)
Stlth    +.........             (no amulet)
HPRegen  0.66/turn              (no ring)
MPRegen  0.11/turn              (no ring)

@: very heavily drained
A: large, unfitting armour, claws 3, fast metabolism 3, gourmand, regeneration
1, robust 1, shaggy fur 1, tough skin 2, sturdy frame 1
a: no special abilities


You were on level 6 of the Dungeon.
You were very full.

You visited 1 branch of the dungeon, and saw 6 of its levels.

You collected 343 gold pieces.


Innate Abilities, Weirdness & Mutations

You are too large for most types of armour.
You have claws for hands.
Your metabolism is lightning-fast.
You like to eat raw meat.
Your natural rate of healing is unusually fast.
You are covered in fur. (AC +1)
You have very tough skin. (AC +2)
You are robust. (+10% HP)
Your movements are slightly less encumbered by armour. (ER -2)


   Skills:
 - Level 5.0(0.3) Fighting
 - Level 2.4(0.0) Dodging
 - Level 1.0(0.0) Stealth
 + Level 11.1(5.6) Unarmed Combat


You had 8 spell levels left.
You didn't know any spells.

Inventory:

Armour
 a - a +0 robe (worn)
Wands
 f - a wand of paralysis (7)
Scrolls
 k - a scroll of remove curse
 n - 2 scrolls of identify
Potions
 c - a potion of agility {unknown}
 d - a potion of curing
 e - 2 potions of ambrosia {unknown}
 h - a potion of mutation
 j - a potion of cancellation {unknown}
Comestibles
 b - 15 rations
 g - a chunk of flesh

Dungeon Overview and Level Annotations

Branches:
Dungeon (6/15)
 Temple: D:4-7

Altars:
Fedhas
Hepliaklqana
Ru
Sif Muna
Uskayaw
Zin

Annotations:
D:5 1 runed door


Message History

You feel drained. The wight barely misses you.
The wight hits you from afar with a spear.
You feel drained. The wight barely misses you.
The wight hits you from afar with a spear.
The wight closely misses you.
The wight hits you from afar with a spear!
The wight hits you with a spear!
The wight hits you from afar with a spear.
You feel drained. The wight hits you with a spear.
The wight hits you but does no damage. The wight hits you with a spear.
You feel drained. The wight hits you but does no damage.
The wight closely misses you.
The wight hits you from afar with a spear.
The wight barely misses you.
The wight hits you from afar with a spear.
You die...

..(# #..##### ####### #..##.#
# ...# #./..#.#
.......##...).#.# ...#
#.##...# ............##..#
#### #.###.## ..).##.......##
######..###.# ##.##...#..####
.......###..# #............#
##....#.....# ####.###.....#
.......#.#########.......#....
.....#......^@.z.........##.##
.<...###.########........# .#
.... #.# ####..####....# ...
#.####....## ...... ...
#>#....#### ...... #...####
#####. #####


You could see a wight.

Vanquished Creatures
  The ghost of KleinerIrrer the Cleaver, a novice FoFi (D:5)
  Duvessa (D:5)
  An ice beast (D:5)
  A phantom (D:4)
  2 ogres
  A centaur (D:6)
  Dowan (D:5)
  2 wights (D:6)
  3 howler monkeys
  3 crimson imps
  A centaur zombie (D:4)
  2 bullfrog zombies (D:4)
  3 hounds
  A jelly (D:6)
  A bullfrog skeleton (D:4)
  3 centaur skeletons
  Jessica (D:2)
  Natasha (twice) (D:2)
  4 worker ants
  2 hound zombies
  3 hound skeletons
  A howler monkey zombie (D:4)
  A worker ant zombie (D:5)
  Robin (D:2)
  3 gnolls (D:5)
  7 adders
  2 shadow imps (D:5)
  2 adder zombies (D:4)
  3 adder skeletons
  5 worms
  3 dart slugs
  7 leopard geckos
  7 orcs
  9 bats
  10 giant cockroaches
  13 hobgoblins
  4 jackals
  4 kobolds
  2 quokkas
  6 ball pythons
  A ball python zombie (D:4)
  6 frilled lizards
  A giant cockroach zombie (D:4)
  20 goblins
  2 jackal skeletons
  A leopard gecko zombie (D:5)
  2 quokka zombies (D:4)
  9 rats
171 creatures vanquished.

Notes
Turn   | Place    | Note
-------+----------+-------------------------------------------
     0 | D:1      | KleinerIrrer the Troll Monk began the quest for the Orb.
     0 | D:1      | Reached XP level 1. HP: 22/22 MP: 0/0
     0 | D:1      | 0 ||| counter = 34
   243 | D:1      | Reached XP level 2. HP: 27/29 MP: 1/1
   440 | D:1      | Reached skill level 4 in Unarmed Combat
   841 | D:1      | Reached XP level 3. HP: 36/36 MP: 2/2
   941 | D:1      | 941 ||| READING scroll labeled HICLIFUU GEPSUL.
   942 | D:1      | 942 ||| READING scroll labeled EROMUU DULU.
   943 | D:1      | 943 ||| READING scroll labeled BESMOY SEGU.
   944 | D:1      | 944 ||| DRINKING 2 murky purple potions.
   995 | D:1      | 995 ||| DRINKING 2 black potions.
   996 | D:1      | 996 ||| DROPPING potion of berserk rage.
  1018 | D:2      | 1018 ||| STAIRDANCE
  1036 | D:2      | 1036 ||| STAIRDANCE
  1066 | D:2      | 1066 ||| Stepping ~*~*~tactically~*~*~ (outnumbered).
  1227 | D:2      | Reached XP level 4. HP: 44/44 MP: 3/3
  1234 | D:2      | 1234 ||| Stepping ~*~*~tactically~*~*~ (outnumbered).
  1240 | D:2      | Reached skill level 5 in Unarmed Combat
  1256 | D:2      | Noticed Robin
  1263 | D:2      | Killed Robin
  1426 | D:2      | Noticed Natasha
  1433 | D:2      | Killed Natasha
  1476 | D:2      | Found a deep blue altar of Sif Muna.
  1543 | D:2      | Noticed Natasha
  1548 | D:2      | Killed Natasha
  1548 | D:2      | Reached XP level 5. HP: 47/50 MP: 4/4
  1576 | D:2      | Noticed Jessica
  1583 | D:2      | Reached skill level 6 in Unarmed Combat
  1591 | D:2      | Killed Jessica
  1704 | D:3      | 1704 ||| STAIRDANCE
  1720 | D:3      | 1720 ||| STAIRDANCE
  1722 | D:2      | 1722 ||| Stepping ~*~*~tactically~*~*~ (outnumbered).
  1723 | D:2      | 1723 ||| Stepping ~*~*~tactically~*~*~ (outnumbered).
  1727 | D:2      | 1727 ||| Stepping ~*~*~tactically~*~*~ (outnumbered).
  1728 | D:2      | 1728 ||| Stepping ~*~*~tactically~*~*~ (outnumbered).
  1729 | D:2      | 1729 ||| Stepping ~*~*~tactically~*~*~ (outnumbered).
  2333 | D:3      | 2333 ||| READING 2 scrolls labeled GAXAELUOFO.
  2334 | D:3      | 2334 ||| DRINKING 2 puce potions.
  2335 | D:3      | 2335 ||| READING scroll of identify.
  2335 | D:3      | 2335 ||| IDENTIFYING glowing amethyst amulet
  2336 | D:3      | 2336 ||| DROPPING amulet of rage.
  2337 | D:3      | 2337 ||| DROPPING potion of flight.
  2491 | D:4      | Reached XP level 6. HP: 56/59 MP: 5/5
  2547 | D:4      | Reached skill level 7 in Unarmed Combat
  2808 | D:4      | 2808 ||| STAIRDANCE
  2831 | D:3      | 2831 ||| READING scroll labeled REMUDE KEOCZO.
  2834 | D:3      | 2834 ||| READING scroll labeled OGATHU WIKLISM.
  2985 | D:4      | Reached skill level 8 in Unarmed Combat
  3079 | D:4      | Reached skill level 3 in Fighting
  3079 | D:4      | Reached XP level 7. HP: 63/67 MP: 6/6
  3460 | D:4      | 3460 ||| DRINKING 2 amethyst potions.
  3460 | D:4      | Gained mutation: Your movements are slightly less encumbered by armour. (ER -2) [potion of mutation]
  3460 | D:4      | Gained mutation: You are robust. (+10% HP) [potion of mutation]
  3512 | D:5      | Entered Level 5 of the Dungeon
  3568 | D:5      | Reached skill level 9 in Unarmed Combat
  3796 | D:5      | Reached XP level 8. HP: 61/82 MP: 7/7
  3831 | D:5      | Noticed Dowan
  3840 | D:5      | Killed Dowan
  3887 | D:5      | Noticed KleinerIrrer's ghost (novice FoFi)
  3902 | D:5      | Killed KleinerIrrer's ghost
  3902 | D:5      | Reached skill level 10 in Unarmed Combat
  3950 | D:5      | Noticed Duvessa
  3960 | D:5      | HP: 12/82 [Duvessa/rapier of speed (14)]
  3961 | D:5      | 3961 ||| DRINKING 2 potions of heal wounds.
  3964 | D:5      | 3964 ||| DRINKING potion of heal wounds.
  3965 | D:5      | Killed Duvessa
  4177 | D:5      | Found a sacrificial altar of Ru.
  4180 | D:5      | Found a hazy altar of Hepliaklqana.
  4183 | D:5      | Found a hide-covered altar of Uskayaw.
  4204 | D:5      | Found Niuriafo's Distillery.
  4298 | D:5      | Found a runed door.
  4442 | D:5      | Reached skill level 11 in Unarmed Combat
  4734 | D:5      | 4734 ||| READING scroll labeled NIOSO DAZXENT.
  4735 | D:5      | 4735 ||| READING scroll labeled YDGHYF NAJIN.
  4736 | D:5      | 4736 ||| READING scroll labeled PISHUA MUICSOACH.
  4737 | D:5      | 4737 ||| DRINKING 2 purple potions.
  4738 | D:5      | 4738 ||| READING 2 scrolls of identify.
  4738 | D:5      | 4738 ||| IDENTIFYING scratched diamond ring
  4739 | D:5      | 4739 ||| DROPPING ring of magical power.
  4898 | D:6      | Reached XP level 9. HP: 93/93 MP: 8/8
  4954 | D:6      | Found a glowing silver altar of Zin.
  5049 | D:6      | Found a blossoming altar of Fedhas.
  5153 | D:6      | 5153 ||| Stepping ~*~*~tactically~*~*~ (outnumbered).
  5154 | D:6      | 5154 ||| Stepping ~*~*~tactically~*~*~ (outnumbered).
  5208 | D:6      | HP: 24/96 [wight/spear (4)]
  5209 | D:6      | 5209 ||| DRINKING 2 potions of heal wounds.
  5227 | D:6      | HP: 19/96 [wight/spear (7)]
  5228 | D:6      | 5228 ||| DRINKING potion of heal wounds.
  5236 | D:6      | HP: 18/96 [wight/spear (9)]
  5239 | D:6      | HP: 7/96 [wight/spear (3)]
  5241 | D:6      | HP: 2/96 [wight/spear (6)]
  5246 | D:6      | Slain by a wight

Vault maps used:
D:1:      dpeg_arrival_castle, minmay_small_reverse_x
D:2:      lemuel_doored_altar, uniq_natasha, uniq_robin, uniq_jessica
D:3:      first_ration, st_stairs_13
D:4:      serial_undead, serial_undead_f, serial_undead_a, serial_undead_b,
          serial_undead_c, serial_undead_a, serial_undead_c
D:5:      grunt_temple_overflow_diamond, serial_shops, shop,
          uniq_crazy_yiuf_cottage, uniq_duvessa
D:6:      zin_academy, fedhas_altar_4

Skill      XL: |  1  2  3  4  5  6  7  8  9 |
---------------+----------------------------+-----
Unarmed Combat | 4 5 6 8 9 11 | 11.1
Fighting       | 3 4 5 |  5.0
Dodging        | |  2.4
Stealth        | |  1.0

Action                   |  1- 3 |  4- 6 |  7- 9 || total
-------------------------+-------+-------+-------++-------
Melee: Unarmed           |   104 |   238 |   149 ||   491
       Punch             |     3 |    10 |     8 ||    21
  Use: Scroll            |     3 |     4 |     4 ||    11
       Potion            |     2 |     1 |     6 ||     9
 Stab: Sleeping          |     1 |       |       ||     1
  Eat: Chunk             |    17 |    17 |    19 ||    53
Armor: Robe              |    19 |    54 |    35 ||   108
Dodge: Dodged            |    55 |   111 |    72 ||   238

Table legend:
 A = Spawn XP
 B = Non-spawn XP
 C = Spawn XP percentage of total XP
 D = Spawn monster count
 E = Non-spawn monster count
 F = Spawn count percentage of total count
 G = Total turns spent on level
                    A         B        C        D         E        F      G
               +---------+---------+-------+---------+---------+-------+---------
         Total |       0 |    3083 |   0.0 |       0 |     171 |   0.0 |  5246
               +---------+---------+-------+---------+---------+-------+---------
           D:1 |       0 |      57 |   0.0 |       0 |      34 |   0.0 |  1045
           D:2 |       0 |     236 |   0.0 |       0 |      44 |   0.0 |   690
           D:3 |       0 |      56 |   0.0 |       0 |      15 |   0.0 |   683
           D:4 |       0 |     714 |   0.0 |       0 |      32 |   0.0 |  1094
           D:5 |       0 |    1583 |   0.0 |       0 |      33 |   0.0 |  1263
           D:6 |       0 |     437 |   0.0 |       0 |      13 |   0.0 |   471
               +---------+---------+-------+---------+---------+-------+---------
